 Dungeon Crawl Stone Soup version 0.31.0-12-g77e489cdc1 (webtiles) character file.

Game seed: 17501155869675149004

87 Arctor the Firebug (level 4, -5/24 HPs)
             Began as a Deep Elf Fire Elementalist on Feb 13, 2024.
             Killed from afar by Sigmund (8 damage)
             ... with a magic dart
             ... on level 2 of the Dungeon.
             The game lasted 00:02:02 (2154 turns).

Arctor the Firebug (Deep Elf Fire Elementalist)     Turns: 2154, Time: 00:02:02

Health: -5/24      AC:  2    Str:  5    XL:     4   Next: 28%
Magic:  8/11       EV: 13    Int: 22    God:
Gold:   89         SH:  0    Dex: 15    Spells: 4/10 levels left

rFire   . . .        h - +0 arbalest
rCold   . . .        (shield currently unavailable)
rNeg    . . .        a - +0 robe
rPois   .            (no helmet)
rElec   .            (no cloak)
rCorr   .            (no gloves)
SInv    .            (no boots)
Will    .....        (no amulet)
Stlth   ++           f - ring of wizardry
HPRegen 0.24/turn    (no ring)
MPRegen 0.12/turn

%: wizardry (x1)
@: no status effects
A: no striking features
a: no special abilities


You were on level 2 of the Dungeon.
You visited 1 branch of the dungeon, and saw 2 of its levels.

You collected 89 gold pieces.

Inventory:

Hand Weapons
 d - a +0 dagger
 h - a +0 arbalest (weapon)
Armour
 a - a +0 robe (worn)
Jewellery
 f - a ring of wizardry (left hand)
Scrolls
 c - a scroll of identify {unknown}
 e - a scroll of blinking {unknown}
 g - a scroll of poison {unknown}
Potions
 b - a potion of magic


   Skills:
 + Level 3.2 Dodging
 + Level 3.4 Stealth
 + Level 3.8 Spellcasting
 + Level 2.1 Conjurations
 + Level 3.8 Fire Magic


You had 4 spell levels left.
You knew the following spells:

 Your Spells              Type           Power      Damage    Failure   Level
a - Foxfire               Conj/Fire      68%        2x1d7     1%          1
b - Scorch                Fire           42%        2d6       1%          2
c - Volatile Blastmotes   Fire/Tloc      24%        2d12      6%          3

Your spell library contained the following spells:

 Spells                   Type           Power      Damage    Failure   Level
 Inner Flame              Hex/Fire       12%        N/A       6%          3
 Ensorcelled Hibernation  Hex/Ice        8%         N/A       7%          2
 Hailstorm                Conj/Ice       9%         3d6       9%          3
 Flame Wave               Conj/Fire      17%        2d7       13%         4
 Passwall                 Erth           4%         N/A       14%         3
 Summon Ice Beast         Ice/Summ       4%         N/A       14%         3
 Swiftness                Air            4%         N/A       14%         3
 Sculpt Simulacrum        Ice/Alch       2%         N/A       99%         6


Dungeon Overview and Level Annotations

Branches:
Dungeon (2/15)

Altars:

Annotations:
D:2 Sigmund


Message History

Deactivating autopickup; reactivate with Ctrl-A.
Casting: Foxfire (safe; 1% risk of failure)
Confirm with . or Enter, or press ? or * to list all spells.
You can't see any susceptible monsters within range! (Use Z to cast anyway.)
Casting: Foxfire (safe; 1% risk of failure)
Confirm with . or Enter, or press ? or * to list all spells.
You conjure some foxfire!
Your foxfire dissipates!
The foxfire hits something.
Casting: Foxfire (safe; 1% risk of failure)
Confirm with . or Enter, or press ? or * to list all spells.
You conjure some foxfire!
Casting: Foxfire (safe; 1% risk of failure)
Confirm with . or Enter, or press ? or * to list all spells.
You conjure some foxfire!
The foxfire hits something.
Your foxfire dissipates!
Casting: Foxfire (safe; 1% risk of failure)
Confirm with . or Enter, or press ? or * to list all spells.
You conjure some foxfire!
Your foxfire dissipates!
The foxfire hits something.
You hear some strange, mumbled words.
You are confused.
Something hits you!
* * * LOW HITPOINT WARNING * * *
Something burns you.
* * * LOW HITPOINT WARNING * * *
You're too confused to cast spells.
Okay, then.
You are too confused!
You bump into the rock wall.
Unknown command.
The ribbon worm expels a string of sticky webbing.
The stream of webbing hits something but does no damage.
Something you can't see is thrashing in a web.
You bump into the rock wall.
You feel less confused.
A magic dart appears from out of thin air!
The magic dart hits you!
You die...

#. #.# #.# #.# #.#
#.# #w# #.# #$#
#.# # #.# #.#
#.##{######## #.#
#..)§.......##
#@######.######...
#...{.w......†....
###########.######
#.# #.# #.# ####
#.###... #.##...#
#....#..


You could see a ribbon worm (catching breath).

Vanquished Creatures
  Terence (D:2)
  An adder (D:2)
  4 dart slugs
  3 ball pythons (D:1)
  3 endoplasms
  A giant cockroach (D:1)
  6 goblins
  3 hobgoblins
  6 jackals (D:1)
  2 quokkas (D:1)
  3 bats
  5 kobolds
  2 rats (D:1)
40 creatures vanquished.

Vanquished Creatures (others)
  204 foxfires
204 creatures vanquished.

Grand Total: 244 creatures vanquished

Notes
Turn   | Place    | Note
-------+----------+-------------------------------------------
     0 | D:1      | Arctor the Deep Elf Fire Elementalist began the quest for
                  | the Orb.
     0 | D:1      | Reached XP level 1. HP: 10/10 MP: 6/6
   290 | D:1      | Reached XP level 2. HP: 15/15 MP: 5/8
   293 | D:1      | Learned a level 2 spell: Scorch
   812 | D:1      | Reached XP level 3. HP: 19/19 MP: 6/9
  1353 | D:1      | Found a faded altar of an unknown god.
  1372 | D:1      | Found a faded altar of an unknown god.
  1528 | D:2      | Noticed Terence
  1540 | D:2      | Killed Terence
  1691 | D:2      | Reached XP level 4. HP: 24/24 MP: 6/11
  2121 | D:2      | Learned a level 3 spell: Volatile Blastmotes
  2137 | D:2      | Noticed Sigmund
  2154 | D:2      | Killed from afar by Sigmund

Illustrated notes

Levels and vault maps discovered:
D:1:      dpeg_arrival_pits, layout_loops_cross,
          hellmonk_ecumenical_altar_the_god_not_taken, minmay_ruptured
D:2:      layout_loops_ring, uniq_terence, uniq_sigmund

Skill      XL: |  1  2  3 |
---------------+----------+-----
Stealth        | 3 |  3.4
Dodging        | 3 |  3.2
Conjurations   | 2 |  2.1
Spellcasting   | |  3.8
Fire Magic     | |  3.8

Action                     |  1- 3 |  4- 6 || total
---------------------------+-------+-------++-------
  Melee: Unarmed           |     2 |       ||     2
   Fire: Arbalest          |       |     1 ||     1
   Cast: Foxfire           |   101 |    27 ||   128
         Scorch            |     1 |       ||     1
 Armour: Robe              |     7 |    10 ||    17
  Dodge: Dodged            |    14 |     5 ||    19
